 Dungeon Crawl Stone Soup version 0.31-a0-844-gdc52ec4e09 (webtiles) character file.

Game seed: 11152217311794969134

453578 Kurtz the Hoplite (level 24, -1/179 HPs)
             Began as an Octopode Fighter on Sept 30, 2023.
             Was an Initiate of Gozag.
             Slain by a juggernaut skeleton (14 damage)
             ... while petrified by an ancient lich
             ... on level 1 of the Crypt.
             The game lasted 02:04:18 (57339 turns).

Kurtz the Hoplite (Octopode Fighter)               Turns: 57339, Time: 02:04:20

Health: -1/179     AC: -5    Str: 27    XL:     24   Next: 34%
Magic:  26/26      EV:  2    Int: 19    God:    Gozag
Gold:   5256       SH:  0    Dex: 31    Spells: 37/39 levels left

rFire   + . .        D - +8 broad axe (vamp)
rCold   + + .        T - +8 tower shield
rNeg    + + +        S - +2 hat of Mezcal {Will- Dex+6 Slay+5 Stlth-}
rPois   ∞            F - amulet "Zapluim" {Faith Rampage +Blink rC++ MP-9}
rElec   +            J - ring "Mooffimokh" {rF+ Str+3 Int+3}
rCorr   .            M - ring "Nodudal" {rPois Will+ EV+5 Str-2 Int+4}
SInv    +            b - ring "Dexautor" {rElec rF- rN+ Will+}
Will    ++...        Q - ring "Vuirhoiw" {*Corrode EV+5 Dex+4 SInv}
Stlth   +++++++      s - ring "Byzeonir" {*Corrode rElec rPois Str+5 Dex+6}
HPRegen 0.49/turn    j - +4 ring of slaying
MPRegen 0.20/turn    K - +4 ring of slaying
                     H - ring of protection from fire

%: corrode self (6%), rampage, faith
@: petrified, corroded, studying 2 skills
A: almost no armour, amphibious, 8 rings, camouflage 1, gelatinous body 1,
(nimble swimmer 1), tentacles
}: 2/15 runes: decaying, gossamer
a: Renounce Religion, Evoke Blink, Potion Petition, Call Merchant, Bribe Branch


You were on level 1 of the Crypt.
You worshipped Gozag.
Gozag was greatly pleased with you.
You visited 11 branches of the dungeon, and saw 44 of its levels.
You visited the Abyss 1 time.
You visited 4 bazaars.
You also visited: Bailey and Volcano.

You collected 22164 gold pieces.
You spent 13030 gold pieces at shops.
You paid 3878 gold pieces to Gozag.

Inventory:

Hand Weapons
 D - a +8 vampiric broad axe (weapon)
Missiles
 V - 2 throwing nets
 Y - 13 curare-tipped darts (quivered)
Armour
 S - the +2 hat of Mezcal (worn) {Will- Dex+6 Slay+5 Stlth-}
   (You acquired it on level 1 of the Elven Halls)

   Dex+6:     It affects your dexterity (+6).
   Slay+5:    It affects your accuracy & damage with ranged weapons and melee
   (+5).
   Will-:     It decreases your willpower.
   Stlth-:    It makes you less stealthy.
 T - a +8 tower shield (worn)
Jewellery
 b - the ring "Dexautor" (on tentacle) {rElec rF- rN+ Will+}
   (You acquired it on level 1 of the Lair of Beasts)

   [ring of positive energy]

   rF-:       It makes you vulnerable to fire.
   rElec:     It insulates you from electricity.
   rN+:       It protects you from negative energy.
   Will+:     It increases your willpower.
 c - the amulet of Sorgh {Acrobat rC+ rCorr MP-9 Dex+6}
   (You bought it in a shop in a bazaar)

   [amulet of the acrobat]

   Acrobat:   It increases your evasion while moving and waiting.
   Dex+6:     It affects your dexterity (+6).
   rC+:       It protects you from cold.
   MP-9:      It affects your magic capacity (-9).
   rCorr:     It protects you from acid and corrosion.
 g - a ring of positive energy
 j - a +4 ring of slaying (on tentacle)
 r - a ring of protection from cold
 s - the ring "Byzeonir" (on tentacle) {*Corrode rElec rPois Str+5 Dex+6}
   (You took it off a deep elf demonologist on level 3 of the Elven Halls)

   [ring of dexterity]

   Str+5:     It affects your strength (+5).
   Dex+6:     It affects your dexterity (+6).
   rElec:     It insulates you from electricity.
   rPois:     It protects you from poison *Corrode: It may corrode you when you
   take damage.
 x - a ring of resist corrosion
 B - a ring of protection from fire
 F - the amulet "Zapluim" (around mantle) {Faith Rampage +Blink rC++ MP-9}
   (You bought it in a shop in a bazaar)

   [amulet of faith]

   Faith:     It allows you to gain divine favour quickly.
   rC++:      It greatly protects you from cold.
   MP-9:      It affects your magic capacity (-9).
   +Blink:    It lets you blink.
   Rampage:   It bestows one free step when moving towards enemies.
 H - a ring of protection from fire (on tentacle)
 J - the ring "Mooffimokh" (left tentacle) {rF+ Str+3 Int+3}
   (You took it off a deep elf elementalist on level 3 of the Elven Halls)

   [ring of protection from fire]

   Str+3:     It affects your strength (+3).
   Int+3:     It affects your intelligence (+3).
   rF+:       It protects you from fire.
 K - a +4 ring of slaying (on tentacle)
 M - the ring "Nodudal" (right tentacle) {rPois Will+ EV+5 Str-2 Int+4}
   (You bought it in a shop in a bazaar)

   [ring of evasion]

   EV+5:      It affects your evasion (+5).
   Str-2:     It affects your strength (-2).
   Int+4:     It affects your intelligence (+4).
   rPois:     It protects you from poison Will+: It increases your willpower.
 Q - the ring "Vuirhoiw" (on tentacle) {*Corrode EV+5 Dex+4 SInv}
   (You found it on level 10 of the Dungeon)

   [ring of evasion]

   EV+5:      It affects your evasion (+5).
   Dex+4:     It affects your dexterity (+4).
   SInv:      It lets you see invisible.
   *Corrode:  It may corrode you when you take damage.
 R - a ring of willpower
 W - the amulet "Nukhiz" {Reflect rPois Str+3 SH+5}
   (You bought it in a shop in a bazaar)

   [amulet of reflection]

   Reflect:   It reflects blocked missile attacks.
   Str+3:     It affects your strength (+3).
   rPois:     It protects you from poison SH+5: It affects your SH (+5).
Wands
 m - a wand of charming (19)
 n - a wand of digging (6)
 N - a wand of mindburst (27)
 P - a wand of roots (24)
 X - a wand of quicksilver (8)
Scrolls
 d - 8 scrolls of blinking
 k - 14 scrolls of poison
 l - 24 scrolls of teleportation
 o - 3 scrolls of silence
 t - 4 scrolls of summoning
 u - 10 scrolls of fear
 w - 4 scrolls of revelation
 y - 8 scrolls of fog
 E - a scroll of enchant armour
Potions
 e - a potion of invisibility
 f - 8 potions of heal wounds
 h - 12 potions of haste
 i - 7 potions of cancellation
 p - 9 potions of enlightenment
 q - 20 potions of curing
 v - 7 potions of magic
 z - 8 potions of ambrosia
 A - 8 potions of mutation
 C - 5 potions of berserk rage
 G - 9 potions of might
 O - 4 potions of resistance
 U - 9 potions of brilliance
Miscellaneous
 a - a lightning rod (4/4)
 I - a sack of spiders
 L - a phial of floods
 Z - a phantom mirror


   Skills:
 * Level 18.6 Fighting
 - Level 18.0 Axes
 + Level 19.4 Dodging
 * Level 14.3 Stealth
 * Level 26.3 Shields
 - Level 8.2 Spellcasting
 - Level 7.5 Transmutations
 - Level 2.0 Evocations


You had 37 spell levels left.
You knew the following spells:

 Your Spells              Type           Power      Damage    Failure   Level
a - Wereblood             Tmut           36%        N/A       1%          2

Your spell library contained the following spells:

 Spells                   Type           Power      Damage    Failure   Level
 Apportation              Tloc           14%        N/A       10%         1
 Kiss of Death            Conj/Necr      28%        2d7       10%         1
 Necrotise                Necr           28%        1d5       10%         1
 Summon Small Mammal      Summ           28%        N/A       10%         1
 Ignite Poison            Fire/Tmut/Pois 17%        N/A       10%         3
 Cigotuvi's Dreadful Rot  Necr/Pois/Air  14%        N/A       14%         2
 Jinxbite                 Hex            14%        N/A       14%         2
 Poisonous Vapours        Pois/Air       14%        N/A       14%         2
 Call Canine Familiar     Summ           7%         N/A       28%         3
 Confusing Touch          Hex            7%         N/A       28%         3
 Hailstorm                Conj/Ice       7%         3d4       28%         3
 Inner Flame              Hex/Fire       7%         N/A       28%         3
 Mephitic Cloud           Conj/Pois/Air  7%         N/A       28%         3
 Ozocubu's Armour         Ice            7%         N/A       28%         3
 Sigil of Binding         Hex            7%         N/A       28%         3
 Stone Arrow              Conj/Erth      14%        3d7       28%         3
 Summon Guardian Golem    Hex/Summ       7%         N/A       28%         3
 Tukima's Dance           Hex            7%         N/A       28%         3
 Vampiric Draining        Necr           7%         2d6       28%         3
 Volatile Blastmotes      Fire/Tloc      14%        2d11      28%         3
 Alistair's Intoxication  Tmut/Pois      14%        N/A       47%         5
 Irradiate                Conj/Tmut      11%        3d15      47%         5
 Yara's Violent Unravell  Hex/Tmut       11%        3d6       47%         5
 Dimensional Bullseye     Hex/Tloc       3%         N/A       67%         4
 Dispel Undead            Necr           7%         3d8       67%         4
 Fulminant Prism          Conj/Hex       3%         3d5       67%         4
 Iskenderun's Mystic Bla  Conj/Tloc      7%         2d4       67%         4
 Leda's Liquefaction      Hex/Erth       3%         N/A       67%         4
 Passage of Golubria      Tloc           7%         N/A       67%         4
 Summon Ice Beast         Ice/Summ       7%         N/A       67%         4
 Agony                    Necr           7%         N/A       95%         5
 Borgnjor's Vile Clutch   Necr/Erth      3%         N/A       95%         5
 Freezing Cloud           Conj/Ice/Air   3%         6-21      95%         5
 Iskenderun's Battlesphe  Conj           7%         2d6       95%         5
 Metabolic Englaciation   Hex/Ice        3%         N/A       95%         5
 Summon Forest            Summ/Tloc      3%         N/A       95%         5
 Summon Mana Viper        Hex/Summ       7%         N/A       95%         5
 Eringya's Noxious Bog    Tmut/Pois      11%        4d6       96%         6
 Bombard                  Conj/Erth      3%         9d1       100%        6
 Summon Cactus Giant      Summ           3%         N/A       100%        6
 Enfeeble                 Hex            3%         N/A       100%        7
 Haunt                    Necr/Summ      3%         N/A       100%        7
 Monstrous Menagerie      Summ           3%         N/A       100%        7
 Orb of Destruction       Conj           3%         9d5       100%        7
 Ozocubu's Refrigeration  Ice            3%         4d8       100%        7
 Spellforged Servitor     Conj/Summ      3%         N/A       100%        7
 Infestation              Necr           3%         N/A       100%        8
 Lehudib's Crystal Spear  Conj/Erth      3%         10d3      100%        8
 Chain Lightning          Conj/Air       3%         3d4       100%        9
 Fire Storm               Conj/Fire      3%         8d1       100%        9
 Polar Vortex             Ice            3%         N/A       100%        9
 Shatter                  Erth           3%         3d7*      100%        9
 Animate Armour           Summ/Erth      Unusable   N/A       N/A         4
 Animate Dead             Necr           Unusable   N/A       N/A         4
 Simulacrum               Ice/Necr       Unusable   N/A       N/A         6

Dungeon Overview and Level Annotations

Branches:
Dungeon (15/15)            Temple (1/1) D:4            Lair (5/5) D:10
  Swamp (4/4) Lair:3       Spider (4/4) Lair:3        Slime (1/5) Lair:4
    Orc (2/2) D:11            Elf (3/3) Orc:2        Vaults (4/5) D:13
  Crypt (1/3) Vaults:2     Depths (4/4) D:15            Zot (0/5) Depths:4
 Bailey (visited)         Volcano (visited)

Altars:
Ashenzari
Cheibriados
Dithmenos
Elyvilon
Fedhas
Gozag
Hepliaklqana
Kikubaaqudgha
Makhleb
Nemelex Xobeh
Okawaru
Qazlal
Ru
Sif Muna
Trog
Uskayaw
Vehumet
Wu Jian
Xom
Yredelemnul
Zin
The Shining One
Jiyva

Shops:
D:2 ?   D:5 :*???   D:6 !   D:14 *   Orc:2 **(?   Elf:1 *   Lair:1 !*(*
Vaults:2 (   Vaults:3 ?   Depths:1 (

Portals:
Hell: Depths:1 Depths:2 Depths:3 Depths:4
Abyss: Depths:1 Depths:3 Depths:4
Pandemonium: Depths:1 Depths:2
Ziggurat: Depths:4
Trove: Depths:2 (give 2 scrolls of acquirement)

Annotations:
D:9 3 runed translucent doors, exclusions: downstairs and two-headed ogre, tinfoiltophat's ghost, novice DjFE
D:10 exclusion: downstairs
D:11 exclusion: door
D:12 exclusion: downstairs
D:14 1 runed translucent door, Shayle's ghost, journeyman DsRe
Swamp:3 exclusion: downstairs
Spider:4 1 runed translucent door, Lysca's ghost, adept OgCj
Depths:1 3 runed translucent doors


Innate Abilities, Weirdness & Mutations

You cannot wear most types of armour.
You are amphibious.
You can wear up to eight rings at the same time.
Your skin changes colour to match your surroundings (Stealth+).
Your rubbery body absorbs attacks. (AC +1, EV +1)
((You are camouflaged when in or above water. (Stealth+)))
You have tentacles for arms and can constrict up to eight enemies at once.


Message History

The spriggan defender zombie hits you.
An eidolon comes into view.
The centaur warrior skeleton hits you. The centaur warrior skeleton kicks you.
The spriggan defender zombie hits you! The centaur warrior skeleton hits you.
The centaur warrior skeleton kicks you. The spriggan defender zombie hits you.
The centaur warrior skeleton hits you. The centaur warrior skeleton kicks you.
The spriggan defender zombie hits you!!
A skeletal warrior comes into view. It is wielding a +0 battleaxe.
The centaur warrior skeleton hits you!
The centaur warrior skeleton completely misses you.
The spriggan defender zombie hits you.
Your corrosive artefact corrodes you!
The juggernaut skeleton hits you!! x2; The centaur warrior skeleton hits you!
The centaur warrior skeleton kicks you. The spriggan defender zombie hits you!!
* * * LOW HITPOINT WARNING * * *
The centaur warrior skeleton hits you!
* * * LOW HITPOINT WARNING * * *
The centaur warrior skeleton kicks you.
* * * LOW HITPOINT WARNING * * *
The spriggan defender zombie hits you!
* * * LOW HITPOINT WARNING * * *
The spriggan defender zombie barely misses you.
The centaur warrior skeleton hits you.
* * * LOW HITPOINT WARNING * * *
Your corrosive artefact corrodes you!
The centaur warrior skeleton kicks you.
* * * LOW HITPOINT WARNING * * *
The spriggan defender zombie hits you!!
* * * LOW HITPOINT WARNING * * *
The centaur warrior skeleton hits you!
* * * LOW HITPOINT WARNING * * *
The centaur warrior skeleton kicks you.
* * * LOW HITPOINT WARNING * * *
The eidolon stares piercingly at you.
The bolt of negative energy hits the centaur warrior skeleton.
The centaur warrior skeleton completely resists.
The bolt of negative energy hits you but does no damage.
You resist. The spriggan defender zombie hits you!
* * * LOW HITPOINT WARNING * * *
The juggernaut skeleton hits you!!
You die...
Your body crumbles into a pile of gold.

..##...≈≈##.##
.##...≈≈≈.>..##.#
##...≈~≈.#...##.#
≈~≈≈≈≈≈.......... ##
~≈≈≈≈≈..8.......##$##
####.###.$.####.#....
#.###...$.##...#
#........$$$...#
#...##....#$.@Z#
#...#....##.#ZZWz.#
#>..#....##..Z.'.#...
#####....####..#.# .
####.# #.###.# #.#
#.. ## #. #... #....


You could see an eidolon, a skeletal warrior, an ettin simulacrum, a spriggan
defender zombie, a centaur warrior skeleton and a juggernaut skeleton.

Vanquished Creatures
  An ancient lich (Crypt:1)
  Mara (Swamp:4)
  Margery (Vaults:3)
  Nikola (Spider:1)
  A golden dragon (Depths:4)
  A bone dragon (Vaults:2)
  A doom hound (Crypt:1)
  Jorgrun (D:12)
  Rupert (D:15)
  Mlioglotl (Swamp:4)
  A walking crystal tome (Depths:2)
  A quicksilver dragon (Depths:2)
  6 liches
  2 deep elf blademasters (Elf:3)
  2 deep elf master archers (Elf:3)
  2 thorn hunters
  3 sphinxes
  4 tengu reavers
  Kirke (Lair:4)
  2 storm dragons (Depths:4)
  Agnes (Spider:2)
  Gastronok (Lair:3)
  2 shadow dragons (Depths:4)
  A draconian knight (Abyss:2)
  A draconian scorcher (Depths:4)
  6 fire giants
  6 deep elf sorcerers (Elf:3)
  6 vault wardens
  2 frost giants
  8 emperor scorpions
  2 iron dragons
  3 revenants (Crypt:1)
  A ghoul (Crypt:1)
  2 ghost moths (Spider:4)
  A draconian stormcaller (Depths:4)
  2 deep elf elementalists (Elf:3)
  A spectral juggernaut (Crypt:1)
  4 ironbound thunderhulks
  A war gargoyle (Vaults:4)
  6 very ugly things
  A spectral caustic shrike (Crypt:1)
  An orc warlord (Bailey)
  18 ironbound preservers
  A draconian annihilator (Depths:4)
  A broodmother (Spider:4)
  5 spriggan defenders
  3 formless jellyfish
  10 stone giants
  2 vampire knights (Crypt:1)
  14 deep elf annihilators
  12 dire elephants
  7 deep elf demonologists
  4 eleionomae
  2 bunyips
  A red draconian (Depths:4)
  2 yellow draconians (Depths:4)
  13 spark wasps
  3 white draconians (Depths:4)
  The ghost of pigah the Mimic, a journeyman OpSh of Gozag (Lair:3)
  4 deep elf death magi (Elf:3)
  3 eidola (Crypt:1)
  5 ettins
  2 crystal guardians (Vaults:4)
  2 spectral spriggans (Crypt:1)
  Josephine (Lair:3)
  5 great orbs of eyes
  3 deep elf high priests (Elf:3)
  4 entropy weavers
  A spriggan zombie (Crypt:1)
  6 fire dragons
  An elf skeleton (Crypt:1)
  4 jiangshi (Crypt:1)
  8 yaktaur captains
  4 shambling mangroves (Swamp:4)
  15 hydras
  3 rakshasas
  An ogre mage (Vaults:2)
  8 ice dragons
  5 alligators
  12 vault guards
  4 peacekeepers
  2 hell beasts (Crypt:1)
  A ghost crab (Swamp:4)
  3 spriggan air magi
  8 centaur warriors
  A death knight (D:14)
  5 two-headed ogres (Vaults:2)
  4 ironbound frosthearts
  25 dancing weapons
  6 tengu warriors
  4 boulder beetles
  8 deep troll shamans
  4 deep troll earth magi
  7 demonic crawlers
  A thrashing horror (Abyss:2)
  An orc high priest (Orc:2)
  A spectral naga (Crypt:1)
  5 vampire magi (Crypt:1)
  7 spriggan berserkers
  17 hell knights
  A soul eater (Crypt:1)
  13 skeletal warriors (Crypt:1)
  16 deep elf knights
  A skyshark (Lair:5)
  Sonja (Lair:1)
  4 pharaoh ants
  6 iron trolls
  4 shadow wraiths (Crypt:1)
  A spectral anaconda (Crypt:1)
  3 sun moths
  11 swamp dragons
  9 goliath frogs
  A spriggan druid (Swamp:3)
  66 deep trolls
  9 wizards
  A spectral iron dragon (Crypt:1)
  3 glowing orange brains
  6 bog bodies
  16 lindwurms
  A shadow dragon zombie (Crypt:1)
  11 orb spiders
  9 phantasmal warriors
  3 flayed ghosts
  2 orc knights (D:15)
  10 ironbound convokers
  11 steelbarb worms
  7 deep elf archers
  24 deep elf zephyrmancers
  A wolf spider zombie (D:15)
  36 deep elf pyromancers
  5 necromancers
  14 wolf spiders
  6 harpies
  28 ugly things
  7 orc sorcerers
  6 cyclopes
  A manticore (shapeshifter) (D:14)
  An oklob plant (Lair:3)
  2 worldbinders (Abyss:2)
  11 elephants (Lair:2)
  4 moths of wrath
  2 will-o-the-wisps
  A manticore (D:8)
  2 spectral centaurs (Crypt:1)
  2 naga magi (D:15)
  15 vault sentinels
  9 black mambas
  2 water nymphs (Swamp:2)
  A stone giant skeleton (Crypt:1)
  A smoke demon (Abyss:2)
  5 torpor snails
  A centaur zombie (D:15)
  17 cane toads
  3 kobold demonologists
  2 rime drakes
  5 freezing wraiths
  3 efreet
  A tengu conjurer (Depths:4)
  36 yaktaurs
  2 bunyip simulacra (Crypt:1)
  A harpy zombie (Crypt:1)
  12 komodo dragons
  10 trolls
  A pale draconian skeleton (Crypt:1)
  A spectral harpy (Crypt:1)
  14 tarantellas
  3 polar bears
  A bloated husk (Swamp:4)
  A tengu simulacrum (Crypt:1)
  3 meliai (Spider:3)
  8 tyrant leeches
  4 raiju (Abyss:2)
  A meliai zombie (D:15)
  3 large abominations (Abyss:2)
  20 blink frogs
  19 hornets
  11 dream sheep
  An ettin zombie (Abyss:2)
  26 jumping spiders
  4 flying skulls (Crypt:1)
  A vampire (D:12)
  3 air elementals
  12 spriggans
  A ynoxinul (Abyss:2)
  A culicivora (shapeshifter) (D:14)
  13 culicivoras
  4 wyverns
  36 slime creatures
  9 fire elementals
  4 water elementals
  A shadow (D:9)
  8 wraiths
  4 basilisks
  19 vampire mosquitoes
  50 yaks
  A hog (Lair:4)
  10 starcursed masses (Abyss:2)
  2 steam dragons (D:7)
  A chaos spawn (Abyss:2)
  45 redbacks
  4 small abominations (Abyss:2)
  15 swamp worms
  15 wargs
  Edmund (D:5)
  An acid dragon (D:13)
  4 hell hounds (Volcano)
  6 swamp drakes
  A deep troll skeleton (Crypt:1)
  12 water moccasins
  An ice beast (D:7)
  A blink frog zombie (Crypt:1)
  31 orc warriors
  9 wolves
  2 sky beasts (D:7)
  A black bear (D:7)
  3 boggarts (Vaults:3)
  5 ogres
  21 centaurs
  A blink frog skeleton (Crypt:1)
  A phantom (D:5)
  3 kobold brigands
  24 bullfrogs
  A naga simulacrum (Crypt:1)
  10 wights
  8 scorpions
  4 earth elementals
  6 killer bees (D:6)
  5 howler monkeys
  4 electric eels
  3 hounds
  A quasit (Abyss:2)
  A bullfrog skeleton (Crypt:1)
  Crazy Yiuf (D:6)
  18 orc priests
  2 jellies
  4 iguanas
  4 hell rats (Lair:3)
  44 orc wizards
  A boggart zombie (D:15)
  15 gnolls
  8 adders
  A shadow imp (D:7)
  3 white imps
  4 ufetubi
  A worm (D:3)
  3 dart slugs
  109 orcs
  9 ball pythons
  5 endoplasms
  3 giant cockroaches
  21 goblins
  A hobgoblin (shapeshifter) (Elf:3)
  12 hobgoblins
  8 jackals
  9 kobolds
  5 quokkas
  9 bats
  An endoplasm zombie (Crypt:1)
  7 frilled lizards
  5 rats
1772 creatures vanquished.

Vanquished Creatures (collateral kills)
  2 hydras (Swamp:4)
  A swamp dragon (Swamp:4)
3 creatures vanquished.

Vanquished Creatures (others)
  An alligator (Swamp:4)
  2 humans (Lair:4)
  A large abomination (Abyss:2)
  An orc (Orc:2)
  8 foxfires
13 creatures vanquished.

Grand Total: 1788 creatures vanquished

Notes
Turn   | Place    | Note
-------+----------+-------------------------------------------
     0 | D:1      | Kurtz the Octopode Fighter began the quest for the Orb.
     0 | D:1      | Reached XP level 1. HP: 16/16 MP: 1/1
   155 | D:1      | Found a faded altar of an unknown god.
   162 | D:1      | Reached XP level 2. HP: 21/21 MP: 2/2
   859 | D:2      | Reached XP level 3. HP: 17/26 MP: 1/3
   983 | D:2      | Found Qoubuttom's Magic Scroll Shoppe.
  1535 | D:3      | Reached XP level 4. HP: 31/31 MP: 4/4
  1873 | D:3      | Found a broken altar of Ashenzari.
  1890 | D:3      | You fall into a shaft and drop 2 floors!
  1890 | D:5      | Entered Level 5 of the Dungeon
  2045 | D:5      | Reached skill level 5 in Axes
  2045 | D:5      | Reached XP level 5. HP: 24/36 MP: 3/5
  2101 | D:5      | Found Raitatea's Magic Scroll Emporium.
  2104 | D:5      | Bought a scroll of identify for 30 gold pieces
  2104 | D:5      | Bought a scroll of blinking for 112 gold pieces
  2161 | D:5      | Found Wuigaeha's Magic Scroll Shop.
  2245 | D:5      | Noticed an orc warrior
  2328 | D:3      | Found a blossoming altar of Fedhas.
  2824 | D:4      | Reached XP level 6. HP: 39/42 MP: 4/6
  3006 | D:4      | Found a staircase to the Ecumenical Temple.
  3025 | Temple   | Entered the Ecumenical Temple
  3148 | Temple   | Became a worshipper of Gozag Ym Sagoz the Greedy
  3645 | D:5      | Noticed an orc warrior
  3691 | D:5      | Reached XP level 7. HP: 21/46 MP: 3/7
  4228 | D:5      | Found Uneabid's General Store.
  4289 | D:5      | Found Mim Heph's Book Shoppe.
  4374 | D:5      | Found Firch's Magic Scroll Shop.
  4377 | D:5      | Bought a scroll of revelation for 75 gold pieces
  4544 | D:6      | Noticed Edmund
  4980 | D:5      | Killed Edmund
  4981 | D:5      | Reached XP level 8. HP: 52/52 MP: 8/8
  5534 | D:6      | Found a glowing golden altar of the Shining One.
  5601 | D:6      | Found Sovvin's Distillery.
  5604 | D:6      | Bought a potion of curing for 36 gold pieces
  5604 | D:6      | Bought a potion of invisibility for 96 gold pieces
  5604 | D:6      | Bought a potion of degeneration for 12 gold pieces
  5666 | D:6      | Bought a potion of mutation for 96 gold pieces
  5753 | D:6      | Found a runed translucent door.
  5754 | D:6      | Noticed Crazy Yiuf
  6004 | D:7      | Noticed a wraith
  6016 | D:6      | Killed a wraith
  6017 | D:6      | Reached skill level 10 in Axes
  6111 | D:7      | Reached XP level 9. HP: 47/57 MP: 6/9
  6119 | D:7      | Found a flagged portal.
  6144 | Bailey   | Entered a bailey
  6370 | Bailey   | Reached skill level 1 in Stealth
  7622 | Bailey   | Reached skill level 5 in Dodging
  7623 | Bailey   | Reached skill level 4 in Shields
  7812 | Bailey   | Noticed an orc warlord
  7859 | Bailey   | Killed an orc warlord
  7860 | Bailey   | Reached skill level 5 in Stealth
  7860 | Bailey   | Reached skill level 5 in Shields
  7920 | Bailey   | Reached XP level 10. HP: 20/63 MP: 6/10
  8686 | D:7      | Reached skill level 6 in Shields
  8725 | D:7      | Found a shimmering altar of Xom.
  9273 | D:8      | Found a sparkling altar of Nemelex Xobeh.
  9348 | D:8      | Noticed a manticore
  9351 | D:8      | Reached XP level 11. HP: 60/72 MP: 8/11
  9357 | D:8      | Killed a manticore
  9390 | D:8      | Found a snail-covered altar of Cheibriados.
  9711 | D:8      | Identified the +0 chain mail of the Enchanted Forest
                  | {Int+4}
 10230 | D:2      | Bought a scroll of enchant weapon for 105 gold pieces
 10230 | D:2      | Bought a scroll of teleportation for 42 gold pieces
 10230 | D:2      | Bought a scroll of fog for 56 gold pieces
 10350 | D:5      | Bought a scroll of identify for 28 gold pieces
 10350 | D:5      | Bought a scroll of identify for 28 gold pieces
 10350 | D:5      | Bought a scroll of identify for 28 gold pieces
 10350 | D:5      | Bought a scroll of identify for 28 gold pieces
 10399 | D:6      | Killed Crazy Yiuf
 10548 | D:9      | Found a runed translucent gate.
 10548 | D:9      | Found a runed translucent gate.
 10548 | D:9      | Found a runed translucent gate.
 10552 | D:9      | Noticed tinfoiltophat's ghost (novice DjFE)
 11065 | D:9      | Identified the +0 rapier "Raisin" {flame, rC++ Str+5 Dex-5}
 11073 | D:9      | Noticed a two-headed ogre
 11334 | D:9      | Found a viscous altar of Jiyva.
 11377 | D:10     | Entered Level 10 of the Dungeon
 11591 | D:10     | Found an ornate altar of the Wu Jian Council.
 11630 | D:10     | Identified the ring "Vuirhoiw" {*Corrode EV+5 Dex+4 SInv}
 11673 | D:10     | Found a staircase to the Lair.
 11806 | D:10     | Found an ancient bone altar of Kikubaaqudgha.
 11809 | D:10     | Found a basalt altar of Yredelemnul.
 11811 | D:10     | Found a bloodstained altar of Trog.
 11861 | D:10     | Learned a level 2 spell: Wereblood
 12010 | D:10     | Reached XP level 12. HP: 82/82 MP: 12/12
 12909 | D:10     | Reached skill level 1 in Transmutations
 12912 | D:10     | Reached skill level 1 in Spellcasting
 13147 | D:5      | Bought a potion of invisibility for 112 gold pieces
 13210 | D:6      | Bought a potion of might for 48 gold pieces
 13210 | D:6      | Bought a potion of curing for 36 gold pieces
 13210 | D:6      | Bought 2 potions of brilliance for 96 gold pieces
 13372 | D:11     | Found a flickering gateway to a bazaar.
 13473 | D:11     | Noticed a boulder beetle
 13485 | D:11     | Killed a boulder beetle
 13514 | Bazaar   | Entered a bazaar
 13516 | Bazaar   | Found Xocoqigo's Distillery.
 13520 | Bazaar   | Found Dyzopol's Antique Armour Boutique.
 13520 | Bazaar   | Found Xeapp's Antique Weapon Boutique.
 13521 | Bazaar   | Found Vyunin's General Store.
 13526 | Bazaar   | Bought a +4 ring of protection for 684 gold pieces
 13561 | Bazaar   | Bought a potion of mutation for 152 gold pieces
 13561 | Bazaar   | Bought a scroll of teleportation for 57 gold pieces
 13561 | Bazaar   | Bought a wand of flame (5) for 66 gold pieces
 13566 | Bazaar   | Bought a potion of heal wounds for 45 gold pieces
 13566 | Bazaar   | Bought a potion of heal wounds for 45 gold pieces
 13566 | Bazaar   | Bought a potion of cancellation for 72 gold pieces
 13566 | Bazaar   | Bought a potion of curing for 27 gold pieces
 13566 | Bazaar   | Bought a potion of curing for 27 gold pieces
 13566 | Bazaar   | Bought a potion of curing for 27 gold pieces
 13566 | Bazaar   | Bought a potion of enlightenment for 45 gold pieces
 14050 | D:11     | Reached skill level 1 in Evocations
 14324 | D:11     | Found a staircase to the Orcish Mines.
 14610 | D:12     | Noticed Jorgrun
 14612 | D:12     | Reached XP level 13. HP: 82/90 MP: 14/16
 14621 | D:12     | Killed Jorgrun
 14622 | D:12     | Reached skill level 15 in Axes
 14743 | D:12     | Reached skill level 7 in Shields
 15704 | D:13     | Reached skill level 8 in Shields
 15933 | D:13     | Noticed a vault guard
 15936 | D:13     | Noticed a vault guard
 15937 | D:13     | Noticed a vault guard
 15937 | D:13     | Noticed a vault guard
 15938 | D:13     | Noticed a vault guard
 15941 | D:13     | Noticed a vault guard
 15944 | D:13     | Noticed a vault guard
 16085 | D:13     | Reached skill level 10 in Fighting
 16085 | D:13     | Reached XP level 14. HP: 99/99 MP: 19/19
 16097 | D:13     | Reached XP level 15. HP: 85/103 MP: 16/20
 16187 | Lair:1   | Entered Level 1 of the Lair of Beasts
 16257 | Lair:1   | Found the +7 Spriggan's Knife {stab, EV+4 Stlth+}
 16361 | Lair:1   | Noticed Sonja
 16363 | Lair:1   | Killed Sonja
 17125 | Lair:1   | Identified a scroll of acquirement
 17129 | Lair:1   | Acquired the ring "Dexautor" {rElec rF- rN+ Will+}
 17166 | Lair:2   | Reached skill level 9 in Shields
 17188 | Lair:2   | Found a dark tunnel.
 17197 | Volcano  | Entered a volcano
 17429 | Volcano  | Reached skill level 10 in Shields
 18496 | Lair:2   | Reached skill level 11 in Shields
 18850 | Lair:3   | Found a runed translucent door.
 18850 | Lair:3   | Found a shimmering altar of Xom.
 18850 | Lair:3   | Noticed pigah's ghost (journeyman OpSh)
 18918 | Lair:3   | Found a staircase to the Swamp.
 19009 | Lair:3   | Noticed Gastronok
 19030 | Lair:3   | Killed Gastronok
 19031 | Lair:3   | Reached skill level 12 in Shields
 19374 | Lair:3   | Found a hole to the Spider Nest.
 19460 | Lair:3   | Noticed Josephine
 19478 | Lair:3   | Killed Josephine
 19581 | Lair:3   | Reached skill level 5 in Transmutations
 19870 | Lair:4   | Found a viscous altar of Jiyva.
 19870 | Lair:4   | Found a staircase to the Slime Pits.
 19891 | Lair:4   | Reached skill level 5 in Spellcasting
 19965 | Lair:4   | Noticed Kirke
 19968 | Lair:4   | Noticed a sphinx
 19975 | Lair:4   | Killed Kirke
 20963 | Lair:5   | Entered Level 5 of the Lair of Beasts
 21008 | Lair:5   | Reached XP level 16. HP: 78/109 MP: 16/24
 21090 | Lair:5   | Identified the ring "Opimmoy" {rC+ Will- Str+6 Dex+2
                  | Stlth-}
 22845 | Orc:1    | Entered Level 1 of the Orcish Mines
 23145 | Orc:2    | Entered Level 2 of the Orcish Mines
 23513 | Orc:2    | Found Rohiej's Magic Scroll Boutique.
 23513 | Orc:2    | Found Ruwn's Weapon Shoppe.
 23561 | Orc:2    | Found Vublidgh's General Store.
 23583 | Orc:2    | Found Qiddep's General Store.
 23595 | Orc:2    | Bought a scroll of revelation for 105 gold pieces
 23630 | Orc:2    | Bought a scroll of enchant armour for 112 gold pieces
 23630 | Orc:2    | Bought a phantom mirror for 600 gold pieces
 23630 | Orc:2    | Bought a potion of magic for 120 gold pieces
 23708 | Orc:2    | Bought 2 scrolls of revelation for 225 gold pieces
 23805 | Orc:2    | Found a staircase to the Elven Halls.
 24402 | Orc:2    | Bought a scroll of teleportation for 42 gold pieces
 24457 | Orc:2    | Bought a scroll of teleportation for 45 gold pieces
 24457 | Orc:2    | Bought a scroll of teleportation for 45 gold pieces
 24457 | Orc:2    | Bought a scroll of fog for 60 gold pieces
 24457 | Orc:2    | Bought a scroll of teleportation for 45 gold pieces
 24457 | Orc:2    | Bought a scroll of teleportation for 45 gold pieces
 24636 | Swamp:1  | Entered Level 1 of the Swamp
 24698 | Swamp:1  | Noticed a thorn hunter
 24721 | Swamp:1  | Killed a thorn hunter
 25159 | Swamp:1  | Reached skill level 15 in Dodging
 25496 | Lair:1   | Bought the +8 mace of Haded {elec, Str+4 SInv} for 1006
                  | gold pieces
 27030 | Swamp:3  | Noticed a thorn hunter
 27458 | Lair:1   | Bought a sapphire war axe for 272 gold pieces
 27458 | Lair:1   | Identified the +8 war axe of Bylycruu {heavy, rC- Will+
                  | Str+5} (You bought it in a shop on level 1 of the Lair of
                  | Beasts)
 27459 | Lair:1   | Bought a runed war axe for 208 gold pieces
 27682 | Swamp:3  | Killed a thorn hunter
 27683 | Swamp:3  | Reached XP level 17. HP: 81/117 MP: 14/28
 28047 | Swamp:3  | Found a snail-covered altar of Cheibriados.
 28161 | Swamp:4  | Entered Level 4 of the Swamp
 28730 | Swamp:4  | Noticed Mlioglotl
 28731 | Swamp:4  | Reached skill level 10 in Stealth
 28732 | Swamp:4  | Noticed a lich
 31653 | Lair:1   | Bought a scroll of enchant armour for 157 gold pieces
 31653 | Lair:1   | Bought a sack of spiders for 840 gold pieces
 31656 | Lair:1   | Bought a wand of charming (5) for 252 gold pieces
 31758 | D:13     | Reached skill level 13 in Shields
 31799 | D:13     | Found a gate to the Vaults.
 32826 | D:14     | Found a runed translucent door.
 32826 | D:14     | Found a shimmering altar of Xom.
 32826 | D:14     | Noticed Shayle's ghost (journeyman DsRe)
 33050 | D:14     | Found Asajig's General Store.
 33350 | D:15     | Entered Level 15 of the Dungeon
 33373 | D:15     | Reached skill level 14 in Shields
 33651 | D:15     | Noticed Rupert
 33663 | D:15     | Killed Rupert
 33664 | D:15     | Reached XP level 18. HP: 123/125 MP: 27/29
 33749 | D:15     | Found a staircase to the Depths.
 34286 | Elf:1    | Entered Level 1 of the Elven Halls
 34488 | Elf:1    | Found Ziegg's Assorted Antiques.
 34506 | Elf:1    | Reached skill level 15 in Shields
 34601 | Elf:1    | Bought a scroll of fear for 100 gold pieces
 34615 | Elf:1    | Acquired the +2 hat of Mezcal {Will- Dex+6 Slay+5 Stlth-}
 35453 | Elf:2    | Found a runed translucent gate.
 35453 | Elf:2    | Found a runed translucent gate.
 35453 | Elf:2    | Found a runed translucent gate.
 35960 | Spider:1 | Entered Level 1 of the Spider Nest
 35960 | Spider:1 | Noticed Nikola
 35998 | Spider:1 | Killed Nikola
 37199 | Spider:2 | Reached XP level 19. HP: 131/131 MP: 31/31
 37495 | Spider:2 | Noticed Agnes
 37503 | Spider:2 | Killed Agnes
 37504 | Spider:2 | Reached skill level 16 in Shields
 39500 | Spider:4 | Entered Level 4 of the Spider Nest
 40159 | Spider:4 | Found a runed translucent door.
 40159 | Spider:4 | Noticed Lysca's ghost (adept OgCj)
 41006 | Spider:4 | Got a gossamer rune of Zot
 41021 | Spider:4 | Identified the scarf of Weirdness {repulsion, rF+ rC+}
 41411 | Lair:3   | Killed pigah's ghost
 41412 | Lair:3   | Reached skill level 17 in Shields
 41857 | Swamp:4  | Killed Mlioglotl
 41899 | Swamp:4  | Got a decaying rune of Zot
 42069 | Swamp:4  | Noticed Mara
 42079 | Swamp:4  | Noticed Kurtz's illusion
 42093 | Swamp:4  | Killed Mara
 43009 | Elf:2    | Reached XP level 20. HP: 90/137 MP: 20/32
 43390 | Elf:3    | Entered Level 3 of the Elven Halls
 43828 | Abyss:2  | Cast into level 2 of the Abyss (a deep elf demonologist)
 44214 | Elf:3    | Escaped the Abyss
 44260 | Elf:3    | Reached skill level 18 in Shields
 44514 | Elf:3    | Identified the +7 mace "Suqau" {speed, rN+ Int+3}
 44532 | Elf:3    | Noticed a Tzitzimitl
 44534 | Elf:3    | Identified the ring "Byzeonir" {*Corrode rElec rPois Str+5
                  | Dex+6}
 44654 | Elf:3    | Identified the ring "Mooffimokh" {rF+ Str+3 Int+3}
 45833 | Elf:3    | Identified the staff "Upep" {rF+ Dex+3 Fire}
 45962 | Elf:3    | Acquired a manual of Shields
 46279 | Vaults:1 | Entered Level 1 of the Vaults
 46423 | Vaults:1 | Paralysed by a formless jellyfish for 1 turns
 46732 | Vaults:1 | Reached skill level 19 in Shields
 46797 | Vaults:1 | Noticed a Tzitzimitl
 46849 | Vaults:1 | Reached XP level 21. HP: 55/147 MP: 24/33
 47145 | Vaults:1 | Reached skill level 20 in Shields
 47373 | Vaults:1 | Acquired a +3 vampiric broad axe
 47649 | D:5      | Bought a scroll of enchant weapon for 75 gold pieces
 47693 | D:5      | Bought a scroll of teleportation for 42 gold pieces
 47693 | D:5      | Bought a scroll of enchant weapon for 105 gold pieces
 47752 | D:5      | Bought a scroll of enchant weapon for 112 gold pieces
 47752 | D:5      | Bought a scroll of teleportation for 45 gold pieces
 47908 | Slime:1  | Entered Level 1 of the Pits of Slime
 48325 | Vaults:2 | Reached skill level 21 in Shields
 48412 | Vaults:2 | Found Tibbiwk's Weapon Emporium.
 48495 | Vaults:2 | Reached skill level 22 in Shields
 48528 | Vaults:2 | Noticed a bone dragon
 48547 | Vaults:2 | Killed a bone dragon
 48598 | Vaults:2 | Found a flickering gateway to a bazaar.
 48607 | Bazaar   | Entered a bazaar
 48611 | Bazaar   | Found Guhe's Distillery.
 48645 | Bazaar   | Found Cufant's Armour Emporium.
 48691 | Bazaar   | Found Cawn's General Store.
 48728 | Bazaar   | Found Gosoull's General Store.
 48783 | Bazaar   | Found Runojeuc's Book Shoppe.
 48797 | Bazaar   | Bought a potion of curing for 33 gold pieces
 48826 | Bazaar   | Bought a potion of curing for 39 gold pieces
 48851 | Bazaar   | Bought a potion of mutation for 160 gold pieces
 48851 | Bazaar   | Bought a potion of invisibility for 160 gold pieces
 48851 | Bazaar   | Bought a potion of mutation for 160 gold pieces
 48851 | Bazaar   | Bought a potion of curing for 60 gold pieces
 48851 | Bazaar   | Bought a potion of ambrosia for 160 gold pieces
 48851 | Bazaar   | Bought a potion of haste for 200 gold pieces
 49187 | Vaults:2 | Reached skill level 23 in Shields
 49395 | Vaults:2 | Found a staircase to the Crypt.
 49820 | Vaults:2 | Paralysed by a sphinx for 3 turns
 50029 | Vaults:3 | Found a flickering gateway to a bazaar.
 50051 | Bazaar   | Entered a bazaar
 50059 | Bazaar   | Found Qimuj's Jewellery Shop.
 50073 | Bazaar   | Found Seyreg's Antique Armour Shop.
 50113 | Bazaar   | Bought a ring of protection from cold for 275 gold pieces
 50113 | Bazaar   | Bought the amulet "Zapluim" {Faith Rampage +Blink rC++
                  | MP-9} for 578 gold pieces
 50113 | Bazaar   | Bought the amulet "Nukhiz" {Reflect rPois Str+3 SH+5} for
                  | 522 gold pieces
 50789 | Vaults:3 | Noticed Margery
 50801 | Vaults:3 | Killed Margery
 50805 | Vaults:3 | Reached XP level 22. HP: 155/155 MP: 25/34
 51032 | Vaults:3 | Found Soph's Magic Scroll Boutique.
 51046 | Vaults:3 | Reached skill level 15 in Fighting
 51061 | Vaults:3 | Bought a scroll of enchant weapon for 82 gold pieces
 51383 | Vaults:4 | Found a flickering gateway to a bazaar.
 51389 | Bazaar   | Entered a bazaar
 51390 | Bazaar   | Found Ifat's Antique Armour Shop.
 51398 | Bazaar   | Found Qiur Wui's Magic Scroll Boutique.
 51404 | Bazaar   | Bought 2 scrolls of fear for 104 gold pieces
 51404 | Bazaar   | Bought a scroll of blinking for 97 gold pieces
 51404 | Bazaar   | Bought a scroll of revelation for 97 gold pieces
 51404 | Bazaar   | Bought a scroll of teleportation for 39 gold pieces
 51404 | Bazaar   | Bought a scroll of summoning for 123 gold pieces
 51409 | Bazaar   | Found Tasir's Armour Shop.
 51419 | Bazaar   | Found Kymnacw's Jewellery Emporium.
 51424 | Bazaar   | Found Cajipruq's Armour Shop.
 51439 | Bazaar   | Bought a +4 ring of slaying for 702 gold pieces
 51446 | Bazaar   | Bought a ring of see invisible for 135 gold pieces
 51446 | Bazaar   | Bought the ring "Nodudal" {rPois Will+ EV+5 Str-2 Int+4}
                  | for 513 gold pieces
 51446 | Bazaar   | Bought the amulet of Sorgh {Acrobat rC+ rCorr MP-9 Dex+6}
                  | for 389 gold pieces
 51613 | Bazaar   | Bought a scroll of enchant armour for 97 gold pieces
 52002 | Vaults:4 | Reached skill level 24 in Shields
 52965 | Depths:1 | Entered Level 1 of the Depths
 53037 | Depths:1 | Found a gateway to Hell.
 53089 | Depths:1 | Found a one-way gate to the infinite horrors of the Abyss.
 53097 | Depths:1 | Found a runed translucent gate.
 53098 | Depths:1 | Found a runed translucent gate.
 53144 | Depths:1 | Found a one-way gate leading to the halls of Pandemonium.
 53187 | Depths:1 | Found a runed translucent gate.
 53289 | Depths:1 | Found Reiczivi's Antique Weapon Emporium.
 53430 | Depths:2 | Found a portal to a secret trove of treasure.
 54021 | Depths:2 | Found a hide-covered altar of Uskayaw.
 54033 | Depths:2 | Reached XP level 23. HP: 167/167 MP: 26/35
 54369 | Depths:3 | Found a radiant altar of Vehumet.
 54674 | Depths:3 | Reached skill level 25 in Shields
 54999 | Depths:4 | Entered Level 4 of the Depths
 55372 | Depths:4 | Found a gate to the Realm of Zot.
 55372 | Depths:4 | Noticed a golden dragon
 55386 | Depths:4 | Killed a golden dragon
 55686 | Depths:4 | Found a one-way gateway to a ziggurat.
 56503 | D:5      | Bought a scroll of blinking for 105 gold pieces
 56503 | D:5      | Bought a scroll of blinking for 105 gold pieces
 56503 | D:5      | Bought a scroll of fog for 56 gold pieces
 56540 | D:6      | Bought a potion of enlightenment for 60 gold pieces
 56540 | D:6      | Bought a potion of enlightenment for 60 gold pieces
 56623 | Lair:1   | Bought a potion of haste for 320 gold pieces
 56629 | Lair:1   | Bought a potion of berserk rage for 105 gold pieces
 56629 | Lair:1   | Bought a potion of haste for 210 gold pieces
 56629 | Lair:1   | Bought a potion of brilliance for 84 gold pieces
 56629 | Lair:1   | Bought a potion of cancellation for 168 gold pieces
 56629 | Lair:1   | Bought a potion of curing for 63 gold pieces
 56798 | Crypt:1  | Entered Level 1 of the Crypt
 56917 | Crypt:1  | Reached XP level 24. HP: 105/177 MP: 26/35
 57063 | Crypt:1  | Reached skill level 26 in Shields
 57082 | Crypt:1  | Identified the +10 shadow dragon scales of Cocytus {Rampage
                  | Stlth++++}
 57130 | Crypt:1  | Found a basalt altar of Yredelemnul.
 57311 | Crypt:1  | Noticed an ancient lich
 57327 | Crypt:1  | Killed an ancient lich
 57339 | Crypt:1  | Slain by a juggernaut skeleton

Illustrated notes

Levels and vault maps discovered:
D:1:      dpeg_arrival_brainrot, layout_basic, chequers_ecumenical_altar_island,
          st_stairs_9
D:2:      layout_loops_ring, serial_shops, shop,
          nicolae_concentric_dashed_squares_mild
D:3:      minmay_angry_zag, layout_loops_ring, nicolae_overflow_crystal_walls,
          evilmike_ruin_ashenzari
D:4:      layout_gridville, minmay_temple_entry_offerings, minmay_goblin_outpost
D:5:      layout_gridville, serial_shops, nicolae_shop_real_fake_doors,
          nicolae_shop_rolled_up, nicolae_shop_competitors_out_of_business,
          nicolae_book_shop_shelving, nicolae_shop_pleasant_corner_grove
D:6:      layout_rooms, nicolae_tso_carved_into_rock, serial_shops,
          nicolae_shop_tiny_real_fake_doors, uniq_edmund,
          uniq_crazy_yiuf_cottage
D:7:      layout_rooms, lemuel_tele_altar, lightli_bailey_entry_fortress,
          kennysheep_small_square
D:8:      layout_basic, nemelex_altar_shiori, cheibriados_altar_1,
          roderic_lattice_a
D:9:      layout_basic, gammafunk_ghost_ooze
D:10:     old_forge, layout_cave_pools, gammafunk_temple_overflow_forgotten,
          overflow_temple_1_default, erik_lair_orcish_takeover, the_hattery
D:11:     layout_rooms, david_orc_4, serial_shops, bzr_in_the_mist,
          grunt_ministairs_6, eino_house_with_fridge
D:12:     layout_gridville, uniq_jorgrun
D:13:     layout_grid_maze, erik_vaults_2, kennysheep_just_a_vault
D:14:     layout_big_octagon, minmay_staircase_statues_hall_small, serial_shops,
          shop, ebering_ghost_xom
D:15:     grunt_enter_depths_magical_seal, layout_rooms, serial_park_tiny_1,
          serial_glass, glass_columns_c, glass_columns_a, minmay_librarian,
          uniq_rupert
Temple:   nicolae_temple_no_exploring_needed
Lair:1:   layout_cave_pods, uniq_sonja
Lair:2:   layout_cellular_growth, enter_volcano_1
Lair:3:   layout_roguey, minmay_swamp_entry_reptiles,
          spider_nest_entry_funnel_web, ebering_ghost_xom, grunt_megastairs_2,
          uniq_josephine, uniq_gastronok
Lair:4:   layout_regular_city, minmay_slime_entry_pillars, lemuel_fruit_tree,
          infiniplex_staircase_pool, grunt_megastairs_4, uniq_kirke
Lair:5:   minmay_lair_end_frog_pond, layout_regular_city,
          infiniplex_staircase_pool_2
Swamp:1:  layout_basic_swamp, evilmike_swamp_ruin_house_5, swamp_pool1
Swamp:2:  layout_basic_swamp, evilmike_swamp_ruin_wall, swamp_pool1,
          nicolae_swamp_nymph_family_reunion
Swamp:3:  layout_basic_swamp, basic_altar
Swamp:4:  swamp_basic_johnstein, layout_basic_swamp, uniq_mara, uniq_mlioglotl
Spider:1: layout_spider_delve, uniq_nikola
Spider:2: layout_chambers, hangedman_spider_tarantella_strand, uniq_agnes
Spider:3: layout_spider_delve, nicolae_spider_orb_run,
          nicolae_spider_cling_halls
Spider:4: grunt_spider_rune_circles, ebering_ghost_inner_flame
Slime:1:  layout_caves, nicolae_slime_barrier
Orc:1:    layout_caves
Orc:2:    st_orc_town, layout_caves
Elf:1:    layout_rooms, serial_shops, shop, hangedman_corner_corridor,
          small_statue_intersection, minivault_28
Elf:2:    elven_hall_of_blades_hangedman_original
          [nicolae_blade_entry_hurt_lockers], layout_geoelf_grid
Elf:3:    grunt_elf_hall_asides, layout_loops_cross, minmay_strange_pillars
Vaults:1: nicolae_vaults_heart-shaped_vault, nicolae_vaults_three_branches,
          vaults_room_grunt_arrival_ludios, ontoclasm_vaults_decontamination,
          nicolae_vaults_storage_room_statues, nicolae_vaults_little_ls,
          nicolae_vaults_security_offices_3, hangedman_vaults_locks,
          vaults_room_semicircle, nicolae_vaults_tetromino_L_1,
          ontoclasm_vaults_gateway, nicolae_vaults_theta,
          nicolae_vaults_door_testing_chamber, v_alt_pattern_2,
          layout_vaults_ring
Vaults:2: nicolae_vaults_windows_and_doors_thing, hangedman_vaults_capsules,
          minmay_crypt_entry_nasty_monster, vaults_dpeg_cross,
          nicolae_vaults_stepped_doors, vaults_dpeg_doors,
          nicolae_vaults_taking_the_gang_shopping, vaults_mumra_hexcomb,
          hangedman_vaults_river_flow, nicolae_vaults_offset_grid_hallway_3,
          nicolae_vaults_corpse_flower, nicolae_vaults_asterisk,
          layout_vaults_omnibox, serial_shops, bzr_entry_water
Vaults:3: dpeg_vaults_monster_row, nicolae_vaults_closet_pinwheel_3,
          hangedman_vaults_stagger, nicolae_vaults_circle_grid_a,
          nicolae_vaults_closet_pinwheel_6, ontoclasm_vaults_shuriken,
          v_misc_26, nicolae_vaults_alarming, nicolae_vaults_apartment_1,
          nicolae_vaults_shelves_hall, nicolae_vaults_cochlea,
          grunt_vaults_hallway_long, nicolae_vaults_trapezoid_1,
          nicolae_vaults_double_plus_3, vaults_dpeg_encased_lava, v_misc_16,
          layout_vaults_maze, serial_shops, bzr_entry_gold,
          nicolae_shop_advertising_works [nicolae_subvault_shop_adworks],
          uniq_margery
Vaults:4: hangedman_vaults_trim, nicolae_vaults_surprise_closet,
          nicolae_vaults_more_shelving_1, vaults_room_pools,
          hangedman_vaults_trim, hangedman_vaults_stream,
          hangedman_vaults_cutoff, nicolae_vaults_bisected_slash,
          nicolae_vaults_little_squares_6, layout_vaults_omnigrid, serial_shops,
          bzr_entry_road
Crypt:1:  lemuel_vampire_tower, layout_misc_corridors, minmay_misc_feat_five,
          nicolae_crypt_crumbling_hall
Depths:1: layout_forbidden_donut, pan_entry, abyss_entry_crystal,
          kennysheep_cluttered_room, pf_coc_iceberg, serial_shops,
          nicolae_shop_hallway_stairs, pandoras_box_mu
Depths:2: minmay_the_grid_plus_closed [minmay_the_grid_spikes,
          minmay_the_grid_stretched_grid, minmay_the_grid_dragon_b,
          minmay_the_grid_odd_star, minmay_the_grid_prize_inner_circle],
          layout_twisted_cross, nicolae_uskayaw_murder_on_the_dancefloor,
          grunt_metal_band, grunt_pan_entry_sceptre, enter_trove_1
Depths:3: kennysheep_six_static_rooms, layout_cave_pools, vehumet_crystals,
          abyss_entry, hell_entry
Depths:4: grunt_zot_entry_funnels, layout_gridlike, enter_ziggurat_e,
          hell_entry, serial_sigils, serial_sigils_hangedman_scratch,
          serial_sigils_hangedman_carve, serial_sigils_hangedman_shear,
          serial_sigils_hangedman_stare, abyss_entry, serial_bayou_shore_b

Skill      XL: |  1  2  3  4  5  6  7  8  9 10 11 12 13 14 15 16 17 18 19 20 21 22 23 24 |
---------------+-------------------------------------------------------------------------+-----
Axes           | 3 4 5 6 7 8 11 13 14 15 16 17 18 | 18.0
Stealth        | 5 7 8 11 12 13 14 | 14.3
Dodging        | 6 8 11 12 13 15 16 17 18 19 | 19.4
Shields        | 5 6 8 12 14 15 17 19 23 24 25 26 | 26.3
Fighting       | 6 7 9 10 11 12 13 14 16 18 | 18.6
Transmutations | 2 3 5 6 7 |  7.5
Spellcasting   | 2 3 5 7 8 |  8.2
Evocations     | 1 2 |  2.0

Action                     |  1- 3 |  4- 6 |  7- 9 | 10-12 | 13-15 | 16-18 | 19-21 | 22-24 || total
---------------------------+-------+-------+-------+-------+-------+-------+-------+-------++-------
  Melee: War axe           |    60 |   106 |    29 |       |       |   431 |       |       ||   626
         Tentacles         |    12 |    17 |    36 |   121 |   219 |   361 |   330 |   351 ||  1447
         Constrict         |    11 |    24 |    34 |    67 |    69 |   196 |   166 |   126 ||   693
         Punch             |       |     2 |     2 |    12 |    13 |    12 |    28 |    38 ||   107
         Hand axe          |       |       |   149 |   428 |   604 |   509 |       |       ||  1690
         Flail             |       |       |       |       |     7 |    11 |       |       ||    18
         Mace              |       |       |       |       |       |   139 |     1 |       ||   140
         Broad axe         |       |       |       |       |       |    96 |   971 |   942 ||  2009
  Throw: Dart              |       |       |    18 |    23 |     5 |     3 |     5 |       ||    54
         Javelin           |       |       |     7 |       |       |     6 |       |       ||    13
   Cast: Wereblood         |       |       |       |     7 |    30 |    72 |    70 |    48 ||   227
 Invoke: Call Merchant     |       |       |       |       |       |     3 |       |     1 ||     4
         Potion Petition   |       |       |       |       |       |       |     1 |       ||     1
  Evoke: Wand              |       |       |       |    36 |    17 |    29 |       |       ||    82
         Sack of spiders   |       |       |       |       |       |       |     1 |       ||     1
         Phial of floods   |       |       |       |       |       |       |     1 |       ||     1
    Use: Scroll            |       |       |     8 |     6 |    14 |    19 |     7 |     3 ||    57
         Potion            |       |       |     7 |     5 |     3 |     4 |     3 |     1 ||    23
   Stab: Sleeping          |     9 |     9 |     2 |     8 |    15 |    33 |    20 |    13 ||   109
         Invisible         |       |       |     5 |       |     4 |       |       |    25 ||    34
         Distracted        |       |       |     1 |    10 |     7 |    30 |    23 |    15 ||    86
         Confused          |       |       |       |       |       |     2 |       |     3 ||     5
         Betrayed ally     |       |       |       |       |       |     1 |       |       ||     1
 Armour: Skin              |    25 |    46 |    88 |    91 |   120 |   274 |   163 |   137 ||   944
  Dodge: Dodged            |    31 |    70 |    56 |   158 |   283 |   603 |   494 |   423 ||  2118
  Block: Buckler           |    11 |    16 |    25 |    77 |       |       |       |       ||   129
         Tower shield      |       |       |       |       |   466 |  1301 |  1143 |  1111 ||  4021

Table legend: (Time is in decaauts)
 A = Elapsed time spent in this place.
 B = Non-inter-level travel time spent in this place.
 C = Inter-level travel time spent in this place.
 D = Time resting spent in this place.
 E = Time spent auto-exploring this place.
 F = Levels seen in this place.
 G = Mean time per level.
                   A        B        C        D        E       F      G
               +--------+--------+--------+--------+--------+-----+--------+
         Total |  56992 |  49908 |   7084 |  10273 |  27195 |  51 | 1117.5 |
       Dungeon |  17999 |  14499 |   3500 |   2101 |   9160 |  15 | 1199.9 |
        Temple |     31 |     16 |     15 |      0 |      0 |   1 |   31.0 |
          Lair |   6941 |   5409 |   1532 |    365 |   3739 |   5 | 1388.2 |
         Swamp |   7560 |   7140 |    420 |   3642 |   1933 |   4 | 1890.0 |
   Spider Nest |   5405 |   4984 |    421 |    832 |   3260 |   4 | 1351.2 |
    Slime Pits |      1 |      1 |      0 |      0 |      0 |   1 |    1.0 |
  Orcish Mines |   1799 |   1406 |    393 |      0 |    943 |   2 |  899.5 |
   Elven Halls |   4631 |   4389 |    242 |   1485 |   1722 |   3 | 1543.7 |
        Vaults |   5269 |   4832 |    437 |    217 |   3318 |   4 | 1317.2 |
         Crypt |    480 |    480 |      0 |      0 |    258 |   1 |  480.0 |
        Depths |   3185 |   3067 |    118 |     39 |   2316 |   4 |  796.2 |
         Abyss |    395 |    395 |      0 |      0 |      0 |   1 |  395.0 |
        Bazaar |    684 |    684 |      0 |      0 |    283 |   4 |  171.0 |
        Bailey |   2247 |   2247 |      0 |   1500 |    261 |   1 | 2247.0 |
       Volcano |    359 |    359 |      0 |     91 |      2 |   1 |  359.0 |
               +--------+--------+--------+--------+--------+-----+--------+

Top non-repeatable levels by time:
 Swamp:4: 2660 daAuts
   Elf:3: 2324 daAuts
 Swamp:3: 2253 daAuts
  Bailey: 2247 daAuts
     D:5: 2137 daAuts
  Lair:3: 1930 daAuts
    D:10: 1801 daAuts
Spider:4: 1763 daAuts
Vaults:1: 1561 daAuts
   Elf:2: 1530 daAuts
    D:13: 1511 daAuts
    D:12: 1498 daAuts
Spider:3: 1486 daAuts
  Lair:1: 1459 daAuts
 Swamp:1: 1447 daAuts
